 Dungeon Crawl Stone Soup version 0.19.1-1-g22dce08 (webtiles) character file.

2996 mopl the Basher (level 9, 0/97 HPs)
             Began as an Ogre Arcane Marksman on Jan 5, 2017.
             Was a Believer of Okawaru.
             Slain by a killer bee (10 damage)
             ... on level 8 of the Dungeon on Jan 6, 2017.
             The game lasted 00:13:20 (9379 turns).

mopl the Basher (Ogre Arcane Marksman)              Turns: 9379, Time: 00:13:21

Health: 0/97       AC:  4    Str: 18    XL:     9   Next: 83%
Magic:  12/13      EV: 14    Int: 12    God:    Okawaru [**....]
Gold:   463        SH:  0    Dex: 12    Spells: 1 memorised, 9 levels left

rFire  . . .     SeeInvis .     a - +0 giant club
rCold  . . .     Gourm    .     D - +0 robe
rNeg   . . .     Faith    .     (shield currently unavailable)
rPois  +         Spirit   .     (helmet restricted)
rElec  .         Reflect  .     g - +0 cloak
rCorr  .         Harm     .     (gloves unavailable)
MR     .....                    (boots unavailable)
Stlth  +++.......               M - amulet of rage
                                B - +1 ring of evasion
                                k - ring of poison resistance

@: exhausted, heroism, slowed, very slow
A: unfitting armour, tough skin 1
a: Heroism, Renounce Religion, Evoke Berserk Rage


You were on level 8 of the Dungeon.
You worshipped Okawaru.
Okawaru was pleased with you.
You were full.

You visited 2 branches of the dungeon, and saw 9 of its levels.

You collected 463 gold pieces.

Inventory:

Hand Weapons
 a - a +0 giant club (weapon)
 m - a +0 mace
 E - a +0 flail
Missiles
 c - 4 large rocks (quivered)
 d - 3 throwing nets
 l - 293 stones
 J - 8 tomahawks
 O - 2 exploding tomahawks
Armour
 g - a +0 cloak (worn)
 D - a +0 robe (worn)
Jewellery
 k - a ring of poison resistance (left hand)
 r - an uncursed amulet of the gourmand
 v - an uncursed ring of protection from fire
 B - a +1 ring of evasion (right hand)
 F - an uncursed amulet of guardian spirit
 M - an amulet of rage (around neck)
 R - an uncursed ring of protection from fire
Wands
 y - a wand of polymorph (15/24)
 K - a wand of polymorph (15/24)
 P - a wand of slowing (2/48)
Scrolls
 h - 3 scrolls of remove curse
 i - 3 scrolls of immolation {!r}
 n - 3 scrolls of enchant weapon {unknown}
 s - a scroll of teleportation
 t - a scroll of recharging {unknown}
 u - a scroll of fog {unknown}
 G - a scroll of enchant armour {unknown}
 L - a scroll of amnesia {unknown}
 N - 2 scrolls of blinking {unknown}
Potions
 e - 3 potions of flight {unknown}
 j - a potion of might
 o - 6 potions of curing
 p - 2 potions of magic {unknown}
 q - 3 potions of haste {unknown}
 w - a potion of ambrosia
 x - 4 potions of heal wounds {unknown}
 C - 2 potions of agility
 I - a potion of invisibility {unknown}
 Q - a potion of lignification {unknown}
Books
 b - a book of Debilitation

   Spells                             Type                      Level
   a - Corona                         Hexes                        1
   b - Slow                           Hexes                        2
   c - Gell's Gravitas                Hexes/Translocation          3
   d - Inner Flame                    Hexes/Fire                   3
   e - Cause Fear                     Hexes                        4
   f - Leda's Liquefaction            Hexes/Earth                  4
Comestibles
 f - 5 bread rations
 z - 12 fruits
 A - 5 beef jerkies
 H - a meat ration


   Skills:
 + Level 8.4(13.4) Fighting
 * Level 12.0(17.0) Maces & Flails
 - Level 4.8(9.8) Throwing
 - Level 1.7(6.7) Dodging
 - Level 1.2 Spellcasting
 - Level 2.1 Hexes
 + Level 5.4 Invocations


You had 9 spell levels left.
You knew the following spells:

 Your Spells              Type           Power        Failure   Level  Hunger
a - Corona                Hex            #......      14%         1    ##.....


Dungeon Overview and Level Annotations

Branches:
Dungeon (8/15)             Temple (1/1) D:5
   Lair: D:8-11

Altars:
Ashenzari
Cheibriados
Dithmenos
Fedhas
Hepliaklqana
Makhleb
Okawaru
Qazlal
Sif Muna
Trog
Uskayaw
Vehumet
Xom
Yredelemnul
Zin

Annotations:
D:6 red ugly thing
D:8 Grum


Innate Abilities, Weirdness & Mutations

You are too large for most types of armour.
You have tough skin. (AC +1)


Message History

The killer bee closely misses you. The killer bee stings you.
* * * LOW HITPOINT WARNING * * *
The killer bee stings you.
* * * LOW HITPOINT WARNING * * *
You feel better. The killer bee stings you!
* * * LOW HITPOINT WARNING * * *
The killer bee stings you!
* * * LOW HITPOINT WARNING * * *
The killer bee closely misses you.
You miss the killer bee. The killer bee barely misses you.
The killer bee closely misses you.
You sock the killer bee!
The killer bee is severely wounded.
The killer bee stings you.
* * * LOW HITPOINT WARNING * * *
The killer bee closely misses you.
You barely miss the killer bee.
The killer bee is severely wounded.
The killer bee stings you!
You die...

..##..#.#.......................#
..##.............................
.................................
......>..........................
.......................###....#'#
..##..#.......................+_+
..##.((....<..#####.$.........#+#
.....##.#.......##.!.[.######.#..
...)............@yy....# #)##.
................##.....# #.##.
..##.##.#.....#####...... .....
..##.##.#.....# y....## .....
.....##.#..#..# ...# #.##.
.....##.#..#..# ...# #. #. .. ..#
#. #.. ..# .# ..#


You could see 2 killer bees.

Vanquished Creatures
  Prince Ribbit (D:5)
  Duvessa (D:7)
  An orc warrior (D:6)
  An ice beast (D:7)
  6 phantoms
  2 ogres
  A wolf (D:7)
  4 centaurs
  A big kobold (D:4)
  2 bullfrogs
  Dowan (D:7)
  2 scorpions
  6 killer bees
  2 howler monkeys
  3 orc priests
  A bullfrog skeleton (D:6)
  A hound (D:8)
  5 orc wizards
  2 centaur skeletons
  An iguana (D:4)
  Natasha (thrice) (D:3)
  3 worker ants
  A worker ant zombie (D:7)
  A howler monkey skeleton (D:5)
  10 adders
  An ooze (D:6)
  4 worms
  4 dart slugs
  2 leopard geckos
  16 orcs
  4 giant cockroaches
  3 goblins
  6 hobgoblins
  10 jackals
  3 quokkas
  4 ball pythons
  4 bats
  4 frilled lizards
  5 kobolds
  A leopard gecko skeleton (D:5)
  9 rats
142 creatures vanquished.

Notes
Turn   | Place    | Note
-------+----------+-------------------------------------------
     0 | D:1      | mopl the Ogre Arcane Marksman began the quest for the Orb.
     0 | D:1      | Reached XP level 1. HP: 19/19 MP: 2/2
   260 | D:1      | Reached skill level 2 in Fighting
   260 | D:1      | Reached skill level 1 in Maces & Flails
   260 | D:1      | Reached XP level 2. HP: 16/28 MP: 3/3
   702 | D:1      | Reached skill level 2 in Maces & Flails
   943 | D:2      | Reached XP level 3. HP: 24/36 MP: 4/4
  1117 | D:2      | Found a shattered altar of Ashenzari.
  1305 | D:2      | Reached skill level 3 in Maces & Flails
  1305 | D:2      | Reached XP level 4. HP: 36/44 MP: 5/5
  1449 | D:3      | Reached skill level 3 in Fighting
  1501 | D:3      | Found a snail-covered altar of Cheibriados.
  1944 | D:3      | Noticed Natasha
  1950 | D:3      | Killed Natasha
  1950 | D:3      | Reached skill level 3 in Throwing
  1950 | D:3      | Reached XP level 5. HP: 45/53 MP: 6/6
  2016 | D:3      | Noticed Natasha
  2033 | D:3      | Killed Natasha
  2033 | D:3      | Reached skill level 4 in Maces & Flails
  2296 | D:3      | Noticed Natasha
  2308 | D:3      | Killed Natasha
  2580 | D:4      | Reached skill level 4 in Fighting
  2580 | D:4      | Reached XP level 6. HP: 14/62 MP: 7/7
  2985 | D:4      | Reached skill level 5 in Maces & Flails
  3397 | D:4      | Reached skill level 4 in Throwing
  3744 | D:4      | Reached skill level 6 in Maces & Flails
  3744 | D:4      | Reached XP level 7. HP: 34/71 MP: 8/8
  4018 | D:5      | Entered Level 5 of the Dungeon
  4018 | D:5      | Found a shadowy altar of Dithmenos.
  4019 | D:5      | Noticed Prince Ribbit
  4027 | D:5      | Killed Prince Ribbit
  4027 | D:5      | Reached skill level 5 in Fighting
  4027 | D:5      | Reached skill level 7 in Maces & Flails
  4506 | D:5      | Found a staircase to the Ecumenical Temple.
  4517 | Temple   | Entered the Ecumenical Temple
  4571 | Temple   | Became a worshipper of Warmaster Okawaru
  4701 | D:5      | Reached XP level 8. HP: 71/83 MP: 2/9
  4900 | D:6      | Reached skill level 8 in Maces & Flails
  4900 | D:6      | Reached skill level 1 in Invocations
  4976 | D:5      | Reached skill level 6 in Fighting
  5087 | D:6      | Reached skill level 2 in Invocations
  5471 | D:6      | Reached skill level 9 in Maces & Flails
  5726 | D:6      | Reached * piety under Okawaru
  5726 | D:6      | Reached skill level 3 in Invocations
  5818 | D:6      | Noticed a red ugly thing
  6114 | D:6      | Found a faded altar of an unknown god.
  6114 | D:6      | Found a faded altar of an unknown god.
  6119 | D:6      | Found a blossoming altar of Fedhas.
  6121 | D:6      | Found a faded altar of an unknown god.
  6122 | D:6      | Found a faded altar of an unknown god.
  6341 | D:6      | Noticed a moth of wrath
  6344 | D:6      | Found a bloodstained altar of Trog.
  6527 | D:6      | Reached skill level 10 in Maces & Flails
  6546 | D:6      | Reached skill level 7 in Fighting
  6546 | D:6      | Reached XP level 9. HP: 93/93 MP: 11/11
  7165 | D:7      | Reached skill level 4 in Invocations
  7534 | D:7      | Noticed Duvessa
  7535 | D:7      | Noticed Dowan
  7696 | D:7      | Killed Duvessa
  7794 | D:7      | Killed Dowan
  7881 | D:7      | Reached skill level 11 in Maces & Flails
  8178 | D:7      | Reached ** piety under Okawaru
  8515 | D:7      | Reached skill level 5 in Invocations
  8641 | D:7      | Reached skill level 8 in Fighting
  8973 | D:8      | Found a glowing silver altar of Zin.
  8983 | D:8      | Noticed Grum
  9370 | D:8      | Reached skill level 12 in Maces & Flails
  9379 | D:8      | Slain by a killer bee

Skill      XL: |  1  2  3  4  5  6  7  8  9 |
---------------+----------------------------+-----
Fighting       | 2 3 4 5 7 8 |  8.4
Maces & Flails | 1 2 3 4 6 7 10 12 | 12.0
Throwing       | 3 4 |  4.8
Invocations    | 3 5 |  5.4
Dodging        | |  1.7
Spellcasting   | |  1.2
Hexes          | |  2.1

Action                   |  1- 3 |  4- 6 |  7- 9 || total
-------------------------+-------+-------+-------++-------
Melee: Club              |    45 |       |       ||    45
       Unarmed           |     6 |       |       ||     6
       Mace              |    70 |   164 |       ||   234
       Flail             |       |    10 |    84 ||    94
       Giant club        |       |       |   280 ||   280
Throw: Large rock        |       |       |     2 ||     2
Invok: Heroism           |       |       |     2 ||     2
 Abil: Evoke Berserk Rag |       |       |     3 ||     3
  Use: Scroll            |       |     1 |     6 ||     7
       Potion            |       |       |     1 ||     1
 Stab: Sleeping          |       |     2 |     1 ||     3
  Eat: Chunk             |     8 |    14 |    30 ||    52
Armor: Robe              |    42 |    48 |    78 ||   168
Dodge: Dodged            |    70 |    89 |   184 ||   343
